 Dungeon Crawl Stone Soup version v1.0-3-g0d6430d (webtiles) character file.

996 TheOrbIsALie the Cleaver (level 7, -8/52 HPs)
             Began as a Werewolf Berserker on Sept 16, 2018.
             Was a Priest of Trog.
             Mangled by a gnoll
             ... wielding a +0 flail
              (13 damage)
             ... on level 5 of the Dungeon.
             The game lasted 00:10:56 (4214 turns).

TheOrbIsALie the Cleaver (Werewolf Berserker)       Turns: 4214, Time: 00:10:56

Health: -8/52      AC:  5    Str: 20    XL:     7   Next: 99%
Magic:  16/16      EV: 11    Int:  6    God:    Trog [***...]
Gold:   227        SH:  0    Dex: 15    Spells: 6/6 levels left

rFire    . . .     SeeInvis .   a - +0 hand axe
rCold    . . .     Gourm    .   (no shield)
rNeg     . . .     Faith    .   C - +2 ring mail {MR+}
rPois    +         Spirit   .   (no helmet)
rElec    +         Reflect  .   (no cloak)
rCorr    .         Harm     .   (no gloves)
MR       +....                  B - +0 pair of boots
Stlth    +.........             j - amulet of the acrobat
HPRegen  0.17/turn              k - ring of loudness (curse)
MPRegen  0.15/turn              A - ring "Pionaq" {rElec rPois MP+9 AC-3 Stlth+} (curse)

@: berserk cooldown, slowed, very slow
A: werewolf transformation
a: Berserk, Trog's Hand, Renounce Religion


You were on level 5 of the Dungeon.
You worshipped Trog.
Trog was most pleased with you.
You were not hungry.

You visited 1 branch of the dungeon, and saw 5 of its levels.
You also visited: Sewer.

You collected 227 gold pieces.

Inventory:

Hand Weapons
 a - a +0 hand axe (weapon)
Missiles
 w - 8 curare-tipped needles
Armour
 b - a +0 animal skin
 g - a +0 ring mail
 B - a +0 pair of boots (worn)
 C - a +2 ring mail of magic resistance (worn)
Jewellery
 j - an amulet of the acrobat (around neck)
 k - a cursed ring of loudness (left hand)
 z - an uncursed ring of protection from magic
 A - the cursed ring "Pionaq" (right hand) {rElec rPois MP+9 AC-3 Stlth+}
   (You found it in a sewer)

   [ring of protection]

   It affects your AC (-3).
   It insulates you from electricity.
   It protects you from poison.
   It affects your magic capacity (+9).
   It makes you more stealthy.
   It has a curse placed upon it.
Scrolls
 f - 2 scrolls of identify
 h - 2 scrolls of fear {unknown}
 i - a scroll of magic mapping {unknown}
 m - 2 scrolls of enchant weapon {unknown}
 n - a scroll of remove curse {unknown}
 p - a scroll of immolation {unknown}
 q - 2 scrolls of teleportation {unknown}
 t - a scroll of enchant armour {unknown}
 v - 2 scrolls of noise {unknown}
 y - a scroll of fog {unknown}
Potions
 d - 2 potions of degeneration {unknown}
 e - a potion of lignification {unknown}
 l - a potion of flight {unknown}
 o - 3 potions of heal wounds {unknown}
 r - 2 potions of mutation {unknown}
 s - a potion of haste {unknown}
 u - a potion of brilliance {unknown}
Comestibles
 c - 13 rations
 x - 2 chunks of flesh


   Skills:
 - Level 3.1 Fighting
 + Level 10.5 Axes
 - Level 2.2 Armour
 - Level 2.0 Dodging


You had 6 spell levels left.
You didn't know any spells.

Dungeon Overview and Level Annotations

Branches:
Dungeon (5/15)             Temple (0/1) D:4

Altars:
Hepliaklqana
Xom


Message History

a whip; 15 stones Unknown command.
You slash the gnoll!
The gnoll is severely wounded.
You hit the gnoll but do no damage. The gnoll barely misses you. x2
Unknown command.
You hit the gnoll but do no damage.
The gnoll is severely wounded.
You completely miss the gnoll. The gnoll hits you but does no damage.
Unknown command.
You hit the gnoll.
You kill the gnoll!
Trog accepts your kill.
You barely miss the gnoll. The gnoll hits you with a flail!
* * * LOW HITPOINT WARNING * * *
Unknown command.
You closely miss the gnoll.
The gnoll is severely wounded.
The gnoll hits you with a flail!
You die...

..... #...# #....
##.#.###..#####.....
.>........(.........
......))........?..
#.#...#.##(##.....#
#.#†#............ #
#...###.......#
###.###.......#
#<##)@g.....#
####.)..#....
#........#
#........#
.####..... #. .....
.. #+#.. .#. ..


You could see a gnoll.

Vanquished Creatures
  A hippogriff (D:5)
  Sigmund (D:3)
  A hungry ghost (D:4)
  2 bullfrogs (Sewer)
  The ghost of Antroll the Slasher, a weakling FlSP of Jiyva (D:3)
  A crimson imp (D:4)
  A hound (D:4)
  2 orc priests (D:3)
  An iguana (D:4)
  A worker ant (D:4)
  5 adders
  3 gnolls (D:5)
  2 adder skeletons
  2 worms (D:4)
  4 dart slugs
  5 leopard geckos
  13 orcs
  8 bats
  13 giant cockroaches
  5 goblins
  6 hobgoblins
  5 jackals
  6 kobolds
  2 quokkas
  6 ball pythons
  A ball python skeleton (D:4)
  8 frilled lizards
  A quokka skeleton (D:5)
  7 rats
114 creatures vanquished.

Notes
Turn   | Place    | Note
-------+----------+-------------------------------------------
     0 | D:1      | TheOrbIsALie the Werewolf Berserker began the quest for the Orb.
     0 | D:1      | Reached XP level 1. HP: 18/18 MP: 1/1
    85 | D:1      | Reached XP level 2. HP: 21/24 MP: 2/2
   226 | D:1      | Reached skill level 4 in Axes
   848 | D:2      | Reached XP level 3. HP: 29/29 MP: 3/3
   905 | D:2      | Reached ** piety under Trog
   955 | D:2      | Found a hazy altar of Hepliaklqana.
  1032 | D:2      | Reached skill level 5 in Axes
  1289 | D:2      | Reached XP level 4. HP: 25/35 MP: 4/4
  1662 | D:3      | Noticed Antroll's ghost (weakling FlSP)
  1672 | D:3      | Killed Antroll's ghost
  1672 | D:3      | Reached skill level 6 in Axes
  1788 | D:3      | Noticed Sigmund
  1796 | D:3      | Killed Sigmund
  1796 | D:3      | Reached skill level 7 in Axes
  1796 | D:3      | Reached XP level 5. HP: 41/41 MP: 5/5
  1796 | D:3      | Reached XP level 6. HP: 47/47 MP: 6/6
  1846 | D:3      | Found a shimmering altar of Xom.
  1847 | D:3      | Found a shimmering altar of Xom.
  1847 | D:3      | Found a shimmering altar of Xom.
  1847 | D:3      | Found a shimmering altar of Xom.
  1848 | D:3      | Found a shimmering altar of Xom.
  2035 | D:3      | Reached *** piety under Trog
  2761 | D:4      | Reached skill level 8 in Axes
  2855 | D:4      | Noticed a hungry ghost
  2867 | D:4      | Killed a hungry ghost
  2867 | D:4      | Reached XP level 7. HP: 17/52 MP: 7/7
  3088 | D:4      | Reached skill level 9 in Axes
  3092 | D:4      | Found a staircase to the Ecumenical Temple.
  3259 | D:4      | Found a glowing drain.
  3293 | Sewer    | Entered a sewer
  3776 | Sewer    | Got a warped tin ring
  3807 | Sewer    | Identified the cursed ring "Pionaq" {rElec rPois MP+9 AC-3 Stlth+} (You found it in a sewer)
  4078 | D:5      | Entered Level 5 of the Dungeon
  4179 | D:5      | Noticed a hippogriff
  4188 | D:5      | Killed a hippogriff
  4188 | D:5      | Reached skill level 10 in Axes
  4214 | D:5      | Mangled by a gnoll

Skill      XL: |  1  2  3  4  5  6  7 |
---------------+----------------------+-----
Axes           | 4 5 7 8 10 | 10.5
Fighting       | |  3.1
Armour         | |  2.2
Dodging        | |  2.0

Action                   |  1- 3 |  4- 6 |  7- 9 || total
-------------------------+-------+-------+-------++-------
Melee: Hand axe          |   118 |   121 |   157 ||   396
       Unarmed           |    18 |     7 |     3 ||    28
Invok: Berserk           |     1 |     4 |     2 ||     7
  Use: Scroll            |       |     1 |       ||     1
  Eat: Chunk             |     2 |     9 |     8 ||    19
Armor: Animal skin       |     5 |       |       ||     5
       Ring mail         |    36 |    25 |    31 ||    92
       Skin              |     5 |       |       ||     5
Dodge: Dodged            |   122 |    68 |   100 ||   290
